 Dungeon Crawl Stone Soup version 0.13.1-17-g0f9d4ff (webtiles) character file.

6942 Lilouch the Hoplite (level 10, -9/77 HPs)
             Began as a Mummy Fighter on Dec 13, 2013.
             Was a Plaything of Xom.
             Mangled by a wyvern (12 damage)
             ... on Level 12 of the Dungeon.
             The game lasted 01:10:54 (13042 turns).

Lilouch the Hoplite (Mummy Fighter)                Turns: 13042, Time: 01:10:54

HP  -9/77        AC 15     Str 27      XL: 10   Next: 66%
MP   0/9         EV  5     Int 12      God: Xom
Gold 544         SH 37     Dex 11      Spells:  0 memorised,  9 levels left

Res.Fire  : x . .   See Invis. : .   j - +2,-2 elf spear
Res.Cold  : + . .   Warding    : .   U - +2 orc chain mail {MR+}
Life Prot.: + + +   Conserve   : .   Q - +0 large shield
Res.Poison: +       Res.Corr.  : .   I - +1 helmet
Res.Elec. : .       Clarity    : .   d - -1 elf cloak
Sust.Abil.: + .     Spirit.Shd : +   (no gloves)
Res.Mut.  : .       Stasis     : .   (no boots)
Res.Rott. : +       Flight     : .   J - amulet of guardian spirit
Saprovore : . . .                    H - +5 ring of strength
                                     y - ring of Qextos {SustAb Int+5 Acc+4}

@: quite resistant to hostile enchantments, extremely unstealthy
A: no food or potions, fire vulnerability, restore body, cold resistance 1, life
protection 3, poison resistance, torment resistance, unbreathing
a: Renounce Religion


You were on level 12 of the Dungeon.
You worshipped Xom.
You were a very special plaything of Xom.
You were not hungry.

You visited 2 branches of the dungeon, and saw 13 of its levels.

You collected 692 gold pieces.
You spent 168 gold pieces at shops.

Inventory:

Hand weapons
 a - a +0,-4 trident
 j - a +2,-2 elven spear (weapon)
 p - a +0,+0 spear
 q - a +0,+0 spear
 v - a +2,+2 spear
 G - a +0 blowgun
 L - a +0,+4 dagger of chaos
Missiles
 g - 33 poisoned needles
 i - 88 bolts
 r - 8 poisoned darts
 N - 10 curare-tipped needles
 V - 10 darts of frost (quivered)
 X - 14 darts of flame
Armour
 d - a -1 elven cloak (worn)
 x - a +2 orcish plate armour
 E - the cursed +0 robe of the Townfolk {Dex+3 Stlth++}
   (You found it on level 5 of the Dungeon)

   It affects your dexterity (+3).
   It makes you much more stealthy.
   It has a curse placed upon it.
 I - a +1 helmet (worn)
 Q - a +0 large shield (worn)
 U - a +2 orcish chain mail of magic resistance (worn)
Magical devices
 c - a wand of paralysis (2)
 e - a wand of confusion (6)
 w - a wand of flame (2)
 F - a wand of lightning (0)
 K - a wand of disintegration (11)
 M - a wand of fire (10)
 O - a wand of digging (10)
 Y - a wand of magic darts (13)
Scrolls
 b - 7 scrolls of fog
 k - 3 scrolls of enchant weapon II
 l - 2 scrolls of identify
 m - 3 scrolls of enchant weapon I {unknown}
 o - a scroll of recharging
 s - a scroll of torment {unknown}
 t - 5 scrolls of remove curse
 u - 3 scrolls of fear {unknown}
 B - 2 scrolls of vulnerability
 C - 3 scrolls of noise
 D - a scroll of amnesia
 P - a scroll of blinking {unknown}
 R - a scroll of enchant armour {unknown}
Jewellery
 y - the ring of Qextos (left hand) {SustAb Int+5 Acc+4}
   (Xom gifted it to you on level 7 of the Dungeon)

   [ring of sustain abilities]

   It affects your intelligence (+5).
   It affects your accuracy (+4).
 z - an uncursed ring of teleport control
 A - a cursed ring of hunger {unknown}
 H - a +5 ring of strength (right hand)
 J - an amulet of guardian spirit (around neck)
 W - an uncursed ring of protection from magic {unknown}
 Z - a +2 ring of dexterity {unknown}
Books
 f - a book of Death

   Spells                             Type                      Level
   Corpse Rot                         Necromancy                   2
   Sublimation of Blood               Necromancy                   2
   Agony                              Necromancy                   5
   Dispel Undead                      Necromancy                   5
   Excruciating Wounds                Charms/Necromancy            5
   Bolt of Draining                   Conjuration/Necromancy       6
 n - a book of Wizardry

   Spells                             Type                      Level
   Summon Elemental                   Summoning                    4
   Agony                              Necromancy                   5
   Force Lance                        Conjuration                  5
   Fireball                           Conjuration/Fire             5
   Haste                              Charms                       6
   Invisibility                       Hexes                        6


   Skills:
 * Level 7.2 Fighting
 - Level 4.6 Polearms
 * Level 7.1 Armour
 * Level 9.9 Shields


You had 9 spell levels left.
You didn't know any spells.

Dungeon Overview and Level Annotations

Branches:
Dungeon (12/27)            Temple (1/1) D:5             Orc (0/4) D:7
   Lair: D:8-13

Altars:
Ashenzari
Cheibriados
Elyvilon
Fedhas
Makhleb
Sif Muna
Trog
Vehumet
Xom
Yredelemnul
Zin
the Shining One

Shops:
D:7 ?


Innate Abilities, Weirdness & Mutations

You do not eat or drink.
Your flesh is vulnerable to fire.
Your flesh is cold resistant.
You are immune to negative energy.
Your system is resistant to poisons.
You are immune to unholy pain and torment.
You can survive without breathing.


Message History

As you read the scroll of teleportation, it crumbles to dust.
You feel strangely unstable.
Things that are here:
a yak corpse; a worker ant corpse Your surroundings suddenly seem different.
The jellyfish quivers.
You hit the wyvern but do no damage.
Xom's power touches on a nearby monster.
The jellyfish flickers and vanishes!
The wyvern bites you!
* * * LOW HITPOINT WARNING * * *
A giant frog comes into view.
Read which item? (? for menu, Esc to quit)
Okay, then.
Unknown command.
You block the wyvern's attack.
The giant frog gives a loud, deep croak!
The wyvern bites you but does no damage.
The wyvern bites you!
You die...
Xom roars with laughter!

, ** , ** , ,, *,* , , * ,
,, *'* , *### ,***,, , ,*
*..#,, # , ,, , ##..##.'S
S,,,,*, #####......#,,,
,,,, * #...D@.....# ,, ,,
, #...≈..≈......,,,,***
#....≈≈≈≈...., *###,,*
***#..≈J≈≈≈≈..'####....,
****
#....≈≈≈≈≈............, *
,,,##..F≈≈≈≈≈≈............
*
,,,##...≈≈≈...J..........
*, ,...≈..................
*,
,.......................


You could see a wyvern, a giant frog, a jellyfish and an adder (wandering).

Vanquished Creatures
  Pikel (D:7)
  A troll (D:9)
  A two-headed ogre (D:11)
  A wraith (D:12)
  5 yaks
  A hungry ghost (D:9)
  A hill giant skeleton (D:10)
  5 wolves
  A necrophage (D:11)
  2 hippogriffs
  3 ice beasts
  A manticore (D:8)
  2 orc warriors
  3 phantoms
  5 ogres
  A big kobold (D:11)
  A crocodile (D:11)
  2 centaurs
  A giant frog (D:10)
  Blork the orc (D:4)
  An agate snail (D:3)
  A cyclops zombie (D:12)
  6 crimson imps
  A yellow wasp zombie (D:7)
  A quasit (D:9)
  3 hounds
  7 jellies
  3 orc priests
  A big fish (D:3)
  3 orc wizards
  2 worker ants
  A big kobold zombie (D:10)
  A mummy (D:8)
  15 adders
  8 gnolls
  2 green rats (D:11)
  A worm zombie (D:5)
  5 worms
  An ufetubus (D:12)
  2 adder skeletons
  3 giant eyeballs
  6 giant geckos
  2 oozes (D:1)
  38 orcs
  2 ball pythons (D:3)
  31 bats
  A bat skeleton (D:4)
  6 giant cockroaches
  16 hobgoblins
  6 jackals
  6 quokkas
  A giant cockroach zombie (D:4)
  A giant gecko zombie (D:6)
  3 giant newts
  2 giant spores
  11 goblins
  29 kobolds
  An orc skeleton (D:6)
  An orc zombie (D:5)
  17 rats
  2 ballistomycetes (D:10)
289 creatures vanquished.

Vanquished Creatures (collateral kills)
  Psyche (D:11)
  Grum (D:11)
  A wolf (D:11)
  A sky beast (D:8)
  A worker ant (D:12)
  A white imp (D:12)
  An ufetubus (D:12)
  An orc (D:8)
  2 hobgoblins (D:9)
  A rat (D:11)
11 creatures vanquished.

Vanquished Creatures (others)
  An orc priest (D:7)
  A quasit (D:11)
  An orc wizard (D:7)
  A lemure (D:11)
  3 white imps
  An ufetubus (D:11)
  An orc (D:7)
  A bat (D:7)
  A goblin (D:7)
11 creatures vanquished.

Grand Total: 311 creatures vanquished

Notes
Turn   | Place    | Note
--------------------------------------------------------------
     0 | D:1      | Lilouch, the Mummy Fighter, began the quest for the Orb.
     0 | D:1      | Reached XP level 1. HP: 18/18 MP: 0/0
    82 | D:1      | Reached XP level 2. HP: 16/24 MP: 1/1
   648 | D:1      | Reached XP level 3. HP: 30/30 MP: 2/2
  1279 | D:2      | Reached XP level 4. HP: 18/36 MP: 3/3
  2365 | D:2      | Reached XP level 5. HP: 41/41 MP: 4/4
  2425 | D:2      | Reached skill level 4 in Shields
  2628 | D:3      | Found a white marble altar of Elyvilon.
  3064 | D:4      | Noticed Blork the orc
  3277 | D:3      | Reached XP level 6. HP: 48/48 MP: 5/5
  3339 | D:3      | Found a basalt altar of Yredelemnul.
  3489 | D:4      | Noticed an ogre
  3499 | D:4      | Killed an ogre
  3611 | D:5      | Entered Level 5 of the Dungeon
  3654 | D:4      | Noticed an ogre
  3664 | D:4      | Killed an ogre
  3664 | D:4      | Reached skill level 5 in Shields
  3999 | D:4      | Killed Blork the orc
  3999 | D:4      | Reached XP level 7. HP: 30/53 MP: 6/6
  4671 | D:3      | Found a snail-covered altar of Cheibriados.
  4817 | D:4      | Found a glowing golden altar of the Shining One.
  5265 | D:5      | Got a fabulously ornate robe
  5266 | D:5      | Identified the cursed +0 robe of the Townfolk {Dex+3 Stlth++} (You found it on level 5 of the Dungeon)
  5366 | D:5      | Reached skill level 6 in Shields
  5474 | D:5      | Found a staircase to the Ecumenical Temple.
  5484 | Temple   | Entered the Ecumenical Temple
  5501 | Temple   | Became a worshipper of Xom the Psychotic
  5603 | D:5      | XOM: harmless Necr miscast
  5604 | D:5      | XOM: colour smoke trail
  5668 | D:5      | Found a deep blue altar of Sif Muna.
  5765 | D:6      | Reached XP level 8. HP: 46/60 MP: 7/7
  5898 | D:6      | XOM: blink monster(s)
  6033 | D:6      | Paralysed by a giant eyeball for 2 turns
  6041 | D:6      | Paralysed by a giant eyeball for 2 turns
  6044 | D:6      | Paralysed by a giant eyeball for 4 turns
  6070 | D:7      | XOM: silly message
  6740 | D:6      | Reached skill level 7 in Shields
  6811 | D:6      | XOM is BORED!
  6811 | D:6      | XOM: mild Pois miscast
  6860 | D:6      | XOM: vitrification
  6946 | D:7      | Noticed Pikel
  6958 | D:6      | XOM: polymorph orc -> giant cockroach
  7256 | D:7      | XOM: divination: detect items
  7269 | D:7      | Killed Pikel
  7269 | D:7      | Reached skill level 5 in Armour
  7269 | D:7      | Reached XP level 9. HP: 27/66 MP: 2/8
  7326 | D:7      | XOM: harmless Pois miscast
  7360 | D:7      | XOM: divination: magic mapping
  7385 | D:7      | XOM: 2-stop teleportation journey
  7572 | D:7      | XOM: summons friendly crimson imp
  7641 | D:7      | XOM is BORED!
  7641 | D:7      | XOM: polymorph crimson imp -> quasit
  7654 | D:7      | XOM: vitrification
  7743 | D:7      | Found a staircase to the Orcish Mines.
  7761 | D:7      | XOM: god gift: 5 curare-tipped needles
  7796 | D:7      | Found Waah Qoa's Magic Scroll Boutique.
  7845 | D:7      | Bought a scroll of fog for 24 gold pieces
  7845 | D:7      | Bought a scroll of identify for 24 gold pieces
  7845 | D:7      | Bought a scroll of identify for 24 gold pieces
  7845 | D:7      | Bought a scroll of identify for 24 gold pieces
  7845 | D:7      | Bought a scroll of teleportation for 36 gold pieces
  7845 | D:7      | Bought a scroll of random uselessness for 12 gold pieces
  7845 | D:7      | Bought a scroll of fog for 24 gold pieces
  7907 | D:7      | XOM: god gift: ancient bone ring {god gift}
  7908 | D:7      | Got an ancient bone ring {god gift}
  7911 | D:7      | Identified the ring of Qextos {SustAb Int+5 Acc+4} (Xom gifted it to you on level 7 of the Dungeon)
  8049 | D:8      | XOM: summons 6 friendly demons
  8059 | D:8      | XOM: 1-stop teleportation journey
  8093 | D:8      | Reached skill level 8 in Shields
  8306 | D:8      | Paralysed by you for 3 turns
  8465 | D:10     | Entered Level 10 of the Dungeon
  8485 | D:11     | Noticed Grum
  8508 | D:10     | Reached skill level 5 in Fighting
  8719 | D:8      | XOM: 7-stop teleportation journey
  8968 | D:9      | XOM: summons 2 friendly demons
  9149 | D:9      | XOM: scenery: 1 doors open
  9161 | D:9      | XOM: confuse monster(s)
  9177 | D:9      | Paralysed by a giant eyeball for 4 turns
  9201 | D:9      | XOM: inner flame monster(s)
  9299 | D:9      | XOM: 4-stop teleportation journey
  9399 | D:9      | XOM: god gift: 10 darts of frost
  9852 | D:9      | XOM: divination: detect creatures
  9919 | D:9      | XOM: scenery: create altars
 10103 | D:9      | Reached skill level 9 in Shields
 10138 | D:10     | XOM: enchant monster (good)
 10156 | D:10     | Reached XP level 10. HP: 61/75 MP: 9/9
 10220 | D:9      | XOM: scenery: 1 doors close
 10242 | D:9      | XOM: colour smoke trail
 10598 | D:12     | XOM: blink monster(s)
 10833 | D:11     | XOM: divination: detect items
 10853 | D:11     | XOM: enchant monster (good)
 10859 | D:11     | XOM: mild Hex miscast
 10865 | D:11     | XOM: confuse monster(s)
 10867 | D:11     | XOM: vitrification
 10986 | D:11     | XOM: vitrification
 11284 | D:10     | XOM: noise
 11300 | D:10     | XOM: confuse monster(s)
 11970 | D:11     | XOM: 5-stop teleportation journey
 12059 | D:11     | Noticed Psyche
 12059 | D:11     | XOM: summons 9 friendly demons
 12068 | D:11     | Killed Psyche
 12094 | D:11     | Killed Grum
 12242 | D:11     | Paralysed by a giant eyeball for 2 turns
 12317 | D:12     | XOM: silly message
 12320 | D:12     | XOM: enchant monster (bad)
 12370 | D:12     | XOM: confusion (+ monsters)
 12372 | D:12     | XOM: confuse monster(s)
 12387 | D:12     | XOM: enchant monster (good)
 12391 | D:12     | XOM: inner flame monster(s)
 12404 | D:12     | XOM: enchant monster (good)
 12467 | D:12     | XOM: harmless Ice miscast
 12615 | D:12     | XOM: mild Divn miscast
 12738 | D:12     | XOM: 5-stop teleportation journey
 12755 | D:12     | XOM: inner flame monster(s)
 12764 | D:12     | XOM: divination: detect creatures
 12768 | D:12     | XOM: divination: magic mapping
 12908 | D:12     | XOM: 2-stop teleportation journey
 12943 | D:12     | XOM: divination: magic mapping
 12981 | D:12     | XOM: confuse monster(s)
 12987 | D:12     | XOM: summons friendly white imp
 12995 | D:12     | XOM: enchant monster (good)
 13028 | D:12     | XOM: harmless Chrm miscast
 13039 | D:12     | XOM: enchant monster (bad)
 13039 | D:12     | HP: 2/77 [wyvern (11)]
 13042 | D:12     | Mangled by a wyvern

Action                   |  1- 3 |  4- 6 |  7- 9 | 10-12 || total
-------------------------+-------+-------+-------+-------++-------
Melee: Trident           |   124 |   346 |   868 |   285 ||  1623
       Spear             |       |       |       |   273 ||   273
Throw: Dart              |       |       |     9 |     5 ||    14
       Spear             |       |       |     1 |       ||     1
Evoke: Wand              |       |       |    22 |     3 ||    25
  Use: Scroll            |       |       |    15 |     5 ||    20
 Stab: Confused          |       |       |     4 |     2 ||     6
       Distracted        |       |       |     2 |       ||     2
       Betrayed ally     |       |       |     1 |       ||     1
